 Dungeon Crawl Stone Soup version 0.27.1-33-g824d729ab1 (webtiles) character file.

Game seed: 10367484154960351699

4349 pkoi the Grappler (level 10, -8/77 HPs)
             Began as a White Draconian Monk on Dec 14, 2021.
             Was an Elder of Makhleb.
             Killed from afar by Erica (24 damage)
             ... with a lance of force
             ... on level 9 of the Dungeon.
             The game lasted 00:14:26 (11547 turns).

pkoi the Grappler (White Draconian Monk)           Turns: 11547, Time: 00:14:26

Health: -8/77      AC: 10    Str: 14    XL:     10   Next: 12%
Magic:  16/16      EV: 13    Int: 20    God:    Makhleb [****..]
Gold:   518        SH:  0    Dex: 13    Spells: 14/17 levels left

rFire    . . .     SeeInvis .     - Unarmed
rCold    + . .     Faith    .   (no shield)
rNeg     + . .     Spirit   .   (armour unavailable)
rPois    .         Reflect  .   b - +1 hat
rElec    .         Harm     .   (no cloak)
rCorr    .         Rampage  .   q - +1 pair of gloves
Will     .....                  (no boots)
Stlth    ++........             (no amulet)
HPRegen  0.22/turn              e - ring of positive energy
MPRegen  0.15/turn              t - +6 ring of intelligence

@: no status effects
A: breathe frost, AC +7, unfitting armour, cold resistance 1, cold-blooded
a: Breathe Frost, Renounce Religion, Minor Destruction, Lesser Servant of
Makhleb, Major Destruction


You were on level 9 of the Dungeon.
You worshipped Makhleb.
Makhleb was greatly pleased with you.
You visited 1 branch of the dungeon, and saw 9 of its levels.
You also visited: Ossuary.

You collected 518 gold pieces.

Inventory:

Hand Weapons
 r - a +0 short sword of electrocution
Missiles
 n - 27 poisoned darts
Armour
 b - a +1 hat (worn)
 q - a +1 pair of gloves (worn)
Jewellery
 e - a ring of positive energy (left hand)
 t - a +6 ring of intelligence (right hand)
 y - a ring of flight
Wands
 z - a wand of paralysis (10)
Scrolls
 a - 2 scrolls of fog
 c - 6 scrolls of identify
 d - 2 scrolls of brand weapon
 g - 4 scrolls of enchant weapon {unknown}
 k - 2 scrolls of immolation
 p - 4 scrolls of teleportation
 w - a scroll of amnesia
Potions
 f - 2 potions of flight {unknown}
 h - 3 potions of lignification
 i - 3 potions of invisibility
 j - 3 potions of brilliance
 l - a potion of magic
 m - a potion of resistance {unknown}
 o - 4 potions of heal wounds {unknown}
 s - 2 potions of curing
 u - a potion of attraction {unknown}
 v - a potion of haste {unknown}
 x - a potion of might {unknown}


   Skills:
 - Level 3.2 Fighting
 - Level 3.1 Dodging
 - Level 1.7 Stealth
 * Level 10.9 Unarmed Combat
 - Level 4.0 Spellcasting
 + Level 6.9 Ice Magic
 + Level 7.3 Invocations


You had 14 spell levels left.
You knew the following spells:

 Your Spells              Type           Power      Damage    Failure   Level
a - Frozen Ramparts       Ice            62%        1d8       2%          3

Your spell library contained the following spells:

 Spells                   Type           Power      Damage    Failure   Level
 Freeze                   Ice            100%       1d11      1%          1
 Ensorcelled Hibernation  Hex/Ice        34%        N/A       4%          2
 Corona                   Hex            4%         N/A       13%         1
 Hailstorm                Conj/Ice       17%        3d6       30%         4
 Tukima's Dance           Hex            4%         N/A       36%         3


Dungeon Overview and Level Annotations

Branches:
Dungeon (9/15)             Temple (0/1) D:4            Lair (0/6) D:8
Ossuary (visited)
    Orc: D:9-12

Altars:
Hepliaklqana
Makhleb
Qazlal
Sif Muna
Xom
Yredelemnul

Annotations:
D:9 Erica


Innate Abilities, Weirdness & Mutations

You can breathe waves of freezing cold which knock back foes.
Your icy white scales are hard. (AC +7)
You cannot fit into any form of body armour.
Your flesh is cold resistant. (rC+)
You are cold-blooded and may be slowed by cold attacks.


Message History

t - Shout!
Orders for allies: a - Attack new target. r - Retreat! s - Stop attacking. g - Guard the area. f - Follow me.
Anything else - Cancel.
Gang up on whom?
Press: ? - help, Dir - move target, f - Erica
Aim: Erica, wielding a +0 scimitar of flaming and wearing a +0 robe Attack!
Erica casts a spell.
Erica flickers and vanishes!
Deactivating autopickup; reactivate with Ctrl-A.
Something hits you! Something burns you.
You hit something but do no damage. Something hits you. Something burns you.
You punch something! Something hits you but does no damage.
You closely miss something. You tail-slap something.
Your punch misses something. You closely miss something.
You hear some strange, mumbled words.
Something tries to affect you, but you resist.
You punch something! Something hits you! Something burns you.
You punch something!
Your killer bee dissolves into shadows!
Something hits you!
* * * LOW HITPOINT WARNING * * *
Something burns you!
* * * LOW HITPOINT WARNING * * *
You punch something!
Your yak dissolves into shadows!
Something hits you!
* * * LOW HITPOINT WARNING * * *
Something burns you.
* * * LOW HITPOINT WARNING * * *
You miss something.
Unknown command.
Your orc warrior dissolves into shadows!
You hear some strange, mumbled words.
A lance of force appears from out of thin air!
The lance of force hits you!!
You die...

######### ##########
##.......#####........#
.'.......##..'........#
.#.......##.##..@.....#
.#..[....##.##........#
.#.......##.##...{....#
##.......#..##........#
#.......'.###[.......#
#....<..### #........#
#.......# #........#
####'#### #######+##
#..#


There were no monsters in sight!

Vanquished Creatures
  A troll (D:9)
  A wyvern (D:8)
  10 yaks
  A basilisk (D:8)
  2 steam dragons
  2 water moccasins
  An orc warrior (D:8)
  2 black bears
  A sky beast (D:7)
  4 ogres
  A necrophage (D:8)
  A phantom (D:7)
  A water moccasin zombie (D:6)
  A bullfrog (D:8)
  4 jellies
  A centaur zombie (D:7)
  2 hounds
  A gnoll shaman (D:5)
  An orc priest (D:8)
  4 iguanas
  3 orc wizards
  A hound zombie (D:5)
  A hound skeleton (D:4)
  14 mummies
  7 gnolls
  A howler monkey skeleton (D:7)
  9 adders
  A shadow imp (D:5)
  3 white imps
  2 ufetubi
  An adder skeleton (D:4)
  A worm (D:3)
  3 dart slugs
  32 orcs
  3 bats (D:2)
  3 endoplasms
  2 giant cockroaches
  2 goblins
  5 hobgoblins
  4 jackals (D:4)
  3 quokkas
  4 ball pythons
  A frilled lizard (D:1)
  2 gnoll skeletons (Ossuary)
  2 goblin skeletons (Ossuary)
  6 kobolds
  2 kobold skeletons (Ossuary)
  2 orc skeletons (Ossuary)
  8 rats
  11 rat skeletons (Ossuary)
181 creatures vanquished.

Vanquished Creatures (collateral kills)
  A centaur zombie (D:9)
  A howler monkey zombie (D:9)
2 creatures vanquished.

Vanquished Creatures (others)
  A plant (D:8)
1 creature vanquished.

Grand Total: 184 creatures vanquished

Notes
Turn   | Place    | Note
-------+----------+-------------------------------------------
     0 | D:1      | pkoi the Draconian Monk began the quest for the Orb.
     0 | D:1      | Reached XP level 1. HP: 19/19 MP: 1/1
   251 | D:1      | Reached XP level 2. HP: 21/26 MP: 2/2
   849 | D:2      | Reached skill level 4 in Unarmed Combat
   852 | D:2      | Reached XP level 3. HP: 31/31 MP: 3/3
  1208 | D:2      | Found a faded altar of an unknown god.
  1627 | D:2      | Reached skill level 5 in Unarmed Combat
  1627 | D:2      | Reached XP level 4. HP: 38/38 MP: 4/4
  2153 | D:3      | Found a basalt altar of Yredelemnul.
  2334 | D:3      | Found a burning altar of Makhleb.
  2486 | D:3      | Became a worshipper of Makhleb the Destroyer
  2486 | D:3      | Reached * piety under Makhleb
  2486 | D:3      | Reached ** piety under Makhleb
  2566 | D:3      | Noticed a water moccasin
  2582 | D:3      | Killed a water moccasin
  2583 | D:3      | Reached skill level 6 in Unarmed Combat
  2583 | D:3      | Reached skill level 1 in Invocations
  2583 | D:3      | Reached XP level 5. HP: 27/45 MP: 4/6
  2890 | D:3      | Found a shimmering altar of Xom.
  2902 | D:3      | Found a hazy altar of Hepliaklqana.
  2904 | D:3      | Found a stormy altar of Qazlal.
  3086 | D:4      | Found a staircase to the Ecumenical Temple.
  3141 | D:4      | Reached XP level 6. HP: 42/51 MP: 7/7
  3217 | D:4      | Found a sand-covered staircase.
  3223 | Ossuary  | Entered an ossuary
  4719 | Ossuary  | Reached skill level 7 in Unarmed Combat
  5472 | D:4      | Your scales start taking on an icy white colour.
  5472 | D:4      | Reached XP level 7. HP: 57/57 MP: 9/9
  5472 | D:4      | Gained mutation: Your flesh is cold resistant. (rC+) [White
                  | Draconian growth]
  5473 | D:4      | Reached *** piety under Makhleb
  5480 | D:4      | Learned a level 3 spell: Frozen Ramparts
  5846 | D:4      | Reached skill level 1 in Ice Magic
  6286 | D:5      | Entered Level 5 of the Dungeon
  6536 | D:5      | Reached skill level 1 in Spellcasting
  7552 | D:6      | Reached skill level 8 in Unarmed Combat
  7552 | D:6      | Reached XP level 8. HP: 63/63 MP: 11/11
  8602 | D:6      | Found a shimmering blue altar of Sif Muna.
  8835 | D:7      | Reached skill level 5 in Invocations
  9082 | D:7      | Reached skill level 9 in Unarmed Combat
  9300 | D:7      | Reached **** piety under Makhleb
  9301 | D:7      | Reached XP level 9. HP: 35/70 MP: 10/14
  9899 | D:8      | Reached skill level 5 in Ice Magic
 10206 | D:8      | Found a staircase to the Lair.
 10227 | D:8      | Reached skill level 10 in Unarmed Combat
 10790 | D:8      | Reached XP level 10. HP: 60/77 MP: 11/16
 11532 | D:9      | Noticed Erica
 11547 | D:9      | Killed from afar by Erica

Illustrated notes

Levels and vault maps discovered:
D:1:      doesnt_arrival_eight_statues, layout_basic
D:2:      layout_basic, serial_curves, eino_curves_03, eino_curves_01,
          ebering_ecumenical_altar_rust
D:3:      layout_loops_cross, lightli_temple_of_fire, mainiacjoe_overflow_paths,
          minitemple
D:4:      layout_basic, minmay_temple_entry_wispy, gup_ossuary_entry_pyramid
D:5:      wad_crossroads, layout_basic
D:6:      layout_basic, lemuel_blue_sif_altar
D:7:      layout_basic, nicolae_sextant
D:8:      layout_loops_cross, david_lair_generic
D:9:      layout_roguey, special_room [special_room_bee], uniq_erica,
          uniq_gastronok

Skill      XL: |  1  2  3  4  5  6  7  8  9 |
---------------+----------------------------+-----
Unarmed Combat | 4 5 6 7 8 9 10 | 10.9
Invocations    | 1 2 3 4 5 7 |  7.3
Dodging        | 3 |  3.1
Ice Magic      | 2 4 6 |  6.9
Spellcasting   | 1 3 4 |  4.0
Fighting       | |  3.2
Stealth        | |  1.7

Action                   |  1- 3 |  4- 6 |  7- 9 | 10-12 || total
-------------------------+-------+-------+-------+-------++-------
Melee: Unarmed           |   100 |   231 |   325 |    28 ||   684
       Tailslap          |    13 |    32 |    37 |     1 ||    83
       Punch             |     2 |     7 |    11 |     1 ||    21
Throw: Dart              |       |       |     6 |       ||     6
 Cast: Frozen Ramparts   |       |       |    13 |     2 ||    15
 Abil: Breathe Frost     |       |       |     9 |       ||     9
  Use: Scroll            |     3 |     6 |     4 |     1 ||    14
       Potion            |     2 |     3 |       |       ||     5
 Stab: Sleeping          |     2 |     7 |     4 |       ||    13
Armor: Skin              |    22 |    47 |    81 |     5 ||   155
Dodge: Dodged            |    55 |   105 |   186 |     6 ||   352
